 Dungeon Crawl Stone Soup version 0.29-a0-221-gceb61267dd (webtiles) character file.

Game seed: 6250867173686681339

12 shoop the Vexing (level 2, -1/16 HPs)
             Began as a Deep Elf Arcane Marksman on Feb 27, 2022.
             Slain by an endoplasm (2 damage)
             ... on level 1 of the Dungeon.
             The game lasted 00:00:44 (193 turns).

shoop the Vexing (Deep Elf Arcane Marksman)          Turns: 193, Time: 00:00:44

Health: -1/16      AC:  3    Str:  7    XL:     2   Next: 20%
Magic:  4/6        EV: 12    Int: 17    God:
Gold:   0          SH:  0    Dex: 15    Spells: 3/4 levels left

rFire   . . .      SeeInvis .   a - +0 shortbow
rCold   . . .      Faith    .   (shield currently unavailable)
rNeg    . . .      Spirit   .   b - +0 robe
rPois   .          Reflect  .   (no helmet)
rElec   .          Harm     .   (no cloak)
rCorr   .          Rampage  .   (no gloves)
Will    .....                   d - +0 pair of boots
Stlth   ++........              (no amulet)
HPRegen 0.05/turn               (no ring)
MPRegen 0.10/turn               (no ring)

@: very slightly contaminated
A: no striking features
a: no special abilities


You were on level 1 of the Dungeon.
You visited 1 branch of the dungeon, and saw 1 of its levels.

Inventory:

Hand Weapons
 a - a +0 shortbow (weapon)
Armour
 b - a +0 robe (worn)
 d - a +0 pair of boots (worn)
Jewellery
 c - a ring of magical power
Potions
 e - a potion of invisibility {unknown}


   Skills:
 - Level 1.0 Fighting
 * Level 3.1 Bows
 - Level 2.4 Dodging
 - Level 2.0 Stealth
 - Level 1.5 Spellcasting
 - Level 4.0 Hexes


You had 3 spell levels left.
You knew the following spells:

 Your Spells              Type           Power      Damage    Failure   Level
a - Slow                  Hex            56%        N/A       4%          1

Your spell library contained the following spells:

 Spells                   Type           Power      Damage    Failure   Level
 Inner Flame              Hex/Fire       8%         N/A       26%         3
 Portal Projectile        Hex/Tloc       16%        N/A       26%         3
 Cause Fear               Hex            7%         N/A       36%         4


Dungeon Overview and Level Annotations

Branches:
Dungeon (1/15)

Altars:


Message History

You shoot an arrow. The arrow misses the quokka.
The quokka bites you but does no damage.
The quokka bites you.
You shoot an arrow. The arrow hits the hobgoblin.
The hobgoblin is heavily wounded.
The hobgoblin barely misses you. The hobgoblin hits you.
You shoot an arrow. The arrow barely misses the hobgoblin.
The arrow hits the quokka!
You kill the quokka!
The hobgoblin hits you but does no damage.
Your Bows skill increases to level 3!
You shoot an arrow. The arrow hits the hobgoblin!
You kill the hobgoblin!
Training target 1.0 for Fighting reached!
Your Fighting skill increases to level 1!
You shoot an arrow.
The arrow hits the endoplasm but does no damage.
The endoplasm freezes you.
You are frozen.
The endoplasm freezes you.
You are frozen.
* * * LOW HITPOINT WARNING * * *
Casting: Slow (safe; 4% risk of failure)
Confirm with . or Enter, or press ? or * to list all spells.
Aiming: Slow (safe; 4% risk of failure)
Press: ? - help, Shift-Dir - straight line, f/p - endoplasm
Aim: an endoplasm (chance to affect: 71%)
You miscast Slow.
You are very lightly contaminated with residual magic.
Nothing appears to happen.
The endoplasm freezes you.
You are frozen.
* * * LOW HITPOINT WARNING * * *
Casting: Slow (safe; 4% risk of failure)
Confirm with . or Enter, or press ? or * to list all spells.
Aiming: Slow (safe; 4% risk of failure)
Press: ? - help, Shift-Dir - straight line, f/p - endoplasm
Aim: an endoplasm (chance to affect: 71%)
The endoplasm struggles to resist.
The endoplasm hits you.
You die...

...#..... ....###.#...# .....#
#.#.###..#### ....##
###.#..###.###### ##.##
..........†........
#..########...#...............
#.....#.....# ##.......#......
#.........### ##......#......
#########...#####....>.#######
###.††J@.........#
##########.....# ##....#
######


You could see an endoplasm.

Vanquished Creatures
  3 ball pythons (D:1)
  2 endoplasms (D:1)
  A giant cockroach (D:1)
  2 hobgoblins (D:1)
  A quokka (D:1)
  A bat (D:1)
10 creatures vanquished.

Notes
Turn   | Place    | Note
-------+----------+-------------------------------------------
     0 | D:1      | shoop the Deep Elf Arcane Marksman began the quest for the
                  | Orb.
     0 | D:1      | Reached XP level 1. HP: 11/11 MP: 5/5
    85 | D:1      | Reached skill level 1 in Stealth
   164 | D:1      | Reached XP level 2. HP: 16/16 MP: 6/6
   190 | D:1      | Reached skill level 1 in Fighting
   193 | D:1      | Slain by an endoplasm

Illustrated notes

Levels and vault maps discovered:
D:1:      dpeg_arrival_tiny_h, layout_rooms, hellmonk_ecumenical_altar_run_dry,
          minmay_pentomino_o2

Skill      XL: |  1  2 |
---------------+-------+-----
Stealth        | 2 |  2.0
Bows           | 3 |  3.1
Fighting       | 1 |  1.0
Dodging        | |  2.4
Spellcasting   | |  1.5
Hexes          | |  4.0

Action                   || total
-------------------------++-------
 Fire: Shortbow          ||    30
 Cast: Slow              ||     1
Armor: Robe              ||     6
Dodge: Dodged            ||     6

Table legend: (Time is in decaauts)
 A = Elapsed time spent in this place.
 B = Non-inter-level travel time spent in this place.
 C = Inter-level travel time spent in this place.
 D = Time resting spent in this place.
 E = Time spent auto-exploring this place.
 F = Levels seen in this place.
 G = Mean time per level.
                   A        B        C        D        E       F      G
               +--------+--------+--------+--------+--------+-----+--------+
         Total |    204 |    204 |      0 |      0 |    121 |   1 |  204.0 |
       Dungeon |    204 |    204 |      0 |      0 |    121 |   1 |  204.0 |
               +--------+--------+--------+--------+--------+-----+--------+

Top non-repeatable levels by time:
     D:1: 204 daAuts
